AoeStats
← DottyRock7961

Arena

509764692Analyzed
1v1 RM · 5d ago on Sep 27, 2026· 39m 6s· 2 players
Game mode
Random Map
Map size
Tiny (2 player)
Population
200
Speed
Normal
Resources
Standard
Victory
Conquest
Starting age
Dark Age
Ending age
Imperial Age
RankedLock teamsTeams togetherTeam positionsShared explorationLock speedFull tech treeHidden civsTurbo modeCheats
Victory
Defeat
🇨🇴 Malay · Colombia
762
+15
🇺🇸 Spanish · United States
744
-15
DottyRock7961
12:55 Feudal Age
17:26 Castle Age
15:59 Loom
17:08 Horse Collar
17:34 Double-Bit Axe
25:25 Husbandry
33:04 Imperial Age
30:49 Heavy Plow
31:05 Bow Saw
30:48 Gold Mining
33:16 Bloodlines
33:22 Cavalier
36:03 Chemistry
35:24 Ballistics
APOLO932109
7:21 Loom
10:46 Feudal Age
16:23 Castle Age
15:39 Double-Bit Axe
21:04 Stone Mining
25:14 Gold Mining
26:14 Horse Collar
28:03 Wheelbarrow
27:16 Town Watch
28:07 Crossbowman
31:23 Heavy Plow
31:59 Town Patrol
32:18 Thumb Ring
35:43 Imperial Age
34:08 Forging
34:28 Fletching
34:38 Padded Archer Armor
36:17 Chemistry
35:50 Ballistics
35:49 Capped Ram
38:04 Guilds
38:23 Thumb Ring
37:45 Arbalester
Connection lost

Rejoining the realm…

Still unreachable

The connection could not be restored.

Session expired

The server has moved on; the page needs a fresh start.